 Dungeon Crawl Stone Soup version 0.26-a0-708-g17f3b19 (webtiles) character file.

Game seed: 4307866895633924196

114 Masdus the Insei (level 4, -4/35 HPs)
             Began as a Draconian Transmuter on Oct 28, 2020.
             Was a Follower of Nemelex Xobeh.
             Slain by Grinder (8 damage)
             ... on level 3 of the Dungeon.
             The game lasted 00:22:50 (2300 turns).

Masdus the Insei (Draconian Transmuter)             Turns: 2300, Time: 00:22:56

Health: -4/35      AC:  5    Str: 12    XL:     4   Next: 66%
Magic:  7/7        EV: 13    Int: 13    God:    Nemelex Xobeh [*.....]
Gold:   106        SH:  0    Dex: 13    Spells: 4/7 levels left

rFire    . . .     SeeInvis .   w - +0 falchion
rCold    . . .     Faith    .   (no shield)
rNeg     . . .     Spirit   .   (armour unavailable)
rPois    .         Reflect  .   (helmet restricted)
rElec    .         Harm     .   (no cloak)
rCorr    .         Rampage  .   (no gloves)
MR       .....                  (no boots)
Stlth    +.........             (no amulet)
HPRegen  0.11/turn              (no ring)
MPRegen  0.10/turn              (no ring)

@: no status effects
A: unfitting armour, cold-blooded, AC +5
a: Draw Escape, Draw Destruction, Draw Summoning, Renounce Religion


You were on level 3 of the Dungeon.
You worshipped Nemelex Xobeh.
Nemelex Xobeh was aware of your devotion.
You visited 1 branch of the dungeon, and saw 3 of its levels.

You collected 106 gold pieces.

Inventory:

Hand Weapons
 e - a +0 dagger
 t - a +0 hunting sling
 u - a +0 quarterstaff
 w - a +0 falchion (weapon)
Missiles
 h - 21 arrows
 k - 9 bolts
 v - 53 stones
 x - 3 javelins (quivered)
Armour
 i - a +0 ring mail
 q - a +0 robe
Wands
 r - a wand of flame (18)
Scrolls
 c - 2 scrolls of identify {unknown}
 d - a scroll of remove curse {unknown}
 g - 2 scrolls of teleportation {unknown}
 j - a scroll of enchant armour {unknown}
 l - 2 scrolls of fear {unknown}
 m - a scroll of enchant weapon {unknown}
 n - a scroll of magic mapping
Potions
 a - a potion of heal wounds {unknown}
 b - 3 potions of curing {unknown}
 f - a potion of magic {unknown}
 o - a potion of lignification {unknown}
 p - a potion of berserk rage {unknown}
 s - a potion of degeneration {unknown}


   Skills:
 + Level 1.2 Fighting
 + Level 2.4 Short Blades
 + Level 0.2 Throwing
 + Level 2.8 Dodging
 + Level 0.2 Stealth
 + Level 3.3 Unarmed Combat
 + Level 2.3 Spellcasting
 + Level 2.3 Transmutations


You had 4 spell levels left.
You knew the following spells:

 Your Spells              Type           Power        Failure   Level
a - Beastly Appendage     Tmut           #.....       10%         1
b - Wereblood             Tmut           #.......     14%         2

Your spell library contained the following spells:

 Spells                   Type           Power        Failure   Level
 Blink                    Tloc           N/A          36%         2
 Spider Form              Tmut/Pois      #.........   43%         3
 Ice Form                 Ice/Tmut       #.......     83%         4
 Blade Hands              Tmut           #.........   95%         5


Dungeon Overview and Level Annotations

Branches:
Dungeon (3/15)

Altars:
Nemelex Xobeh

Annotations:
D:3 Grinder


Innate Abilities, Weirdness & Mutations

Your plain brown scales are hard. (AC +5)
You cannot fit into any form of body armour.
You are cold-blooded and may be slowed by cold attacks.


Message History

Grinder hits you.
You writhe in agony.
You barely miss Grinder.
Grinder blinks!
You barely miss Grinder. Grinder gestures at you.
Pain shoots through your body! Grinder hits you.
You writhe in agony.
You barely miss Grinder. Grinder hits you but does no damage.
You closely miss Grinder.
Your tail-slap misses Grinder.
Grinder closely misses you.
You hit Grinder but do no damage.
Grinder says, "DUCK!"
Grinder misses you.
You slash Grinder!
Grinder is lightly wounded.
Grinder hits you.
* * * LOW HITPOINT WARNING * * *
You writhe in agony.
* * * LOW HITPOINT WARNING * * *
Grinder hits you!
You die...
Your body disappears without a glow.

..#... #.#.... ###.......
#.....<... ## ##.........
.#######..........
...>..............
##..<..$..........
.......@5.........
...#####..#............ ..
..........#............ #.#.#
##................ #.#.#
....................#####.#.#
..####.........#.............
.....####...........##....
#....................##....
###.....##.....(.....####..


You could see Grinder.

Vanquished Creatures
  Jessica (D:2)
  Terence (D:3)
  3 adders (D:2)
  2 worms
  2 dart slugs (D:1)
  2 leopard geckos
  3 giant cockroaches
  3 goblins
  A hobgoblin (D:3)
  2 jackals (D:3)
  A quokka (D:2)
  A ball python (D:2)
  5 bats
  7 frilled lizards
  4 kobolds
  6 rats
44 creatures vanquished.

Notes
Turn   | Place    | Note
-------+----------+-------------------------------------------
     0 | D:1      | Masdus the Draconian Transmuter began the quest for the
                  | Orb.
     0 | D:1      | Reached XP level 1. HP: 16/16 MP: 3/3
   747 | D:1      | Reached XP level 2. HP: 19/23 MP: 5/5
   763 | D:1      | Learned a level 2 spell: Wereblood
  1389 | D:2      | Reached XP level 3. HP: 12/28 MP: 3/6
  1557 | D:2      | Reached skill level 1 in Short Blades
  1629 | D:2      | Found a faded altar of an unknown god.
  1634 | D:2      | Became a worshipper of Nemelex Xobeh the Trickster
  1634 | D:2      | Reached * piety under Nemelex Xobeh
  1634 | D:2      | Received a gift from Nemelex Xobeh
  1696 | D:2      | Noticed Jessica
  1711 | D:2      | Killed Jessica
  1711 | D:2      | Reached XP level 4. HP: 32/35 MP: 5/7
  1728 | D:2      | Identified Jessica's Catalogue of the Compass
  2133 | D:3      | Noticed Terence
  2165 | D:3      | Killed Terence
  2287 | D:3      | Noticed Grinder
  2300 | D:3      | Slain by Grinder

Illustrated notes

Levels and vault maps discovered:
D:1:      dpeg_arrival_pits, layout_basic
D:2:      minmay_spotlight, layout_basic, chequers_ecumenical_altar_grove,
          kennysheep_jessica_study
D:3:      layout_rooms, uniq_terence, uniq_grinder

Skill      XL: |  1  2  3  4 |
---------------+-------------+-----
Dodging        | 2 |  2.8
Short Blades   | 1 2 |  2.4
Fighting       | |  1.2
Throwing       | |  0.2
Stealth        | |  0.2
Unarmed Combat | |  3.3
Spellcasting   | |  2.3
Transmutations | |  2.3

Action                   |  1- 3 |  4- 6 || total
-------------------------+-------+-------++-------
Melee: Dagger            |   126 |    96 ||   222
       Unarmed           |     6 |       ||     6
       Tailslap          |     6 |    11 ||    17
       Headbutt          |     1 |       ||     1
       Falchion          |       |    25 ||    25
       Punch             |       |     2 ||     2
Throw: Javelin           |       |     7 ||     7
       Stone             |       |     7 ||     7
 Cast: Beastly Appendage |     2 |       ||     2
       Wereblood         |     2 |       ||     2
Invok: Draw Summoning    |       |     1 ||     1
  Use: Scroll            |     1 |       ||     1
 Stab: Sleeping          |     1 |       ||     1
Armor: Skin              |    50 |    38 ||    88
Dodge: Dodged            |   107 |    58 ||   165
       Rpst.: Falchion   |       |     2 ||     2

Table legend: (Time is in decaauts)
 A = Elapsed time spent in this place.
 B = Non-inter-level travel time spent in this place.
 C = Inter-level travel time spent in this place.
 D = Time resting spent in this place.
 E = Time spent auto-exploring this place.
 F = Levels seen in this place.
 G = Mean time per level.
                   A        B        C        D        E       F      G
               +--------+--------+--------+--------+--------+-----+--------+
         Total |   2296 |   2233 |     63 |    100 |      0 |   3 |  765.3 |
       Dungeon |   2296 |   2233 |     63 |    100 |      0 |   3 |  765.3 |
               +--------+--------+--------+--------+--------+-----+--------+

Top non-repeatable levels by time:
     D:2: 1092 daAuts
     D:1: 1001 daAuts
     D:3: 202 daAuts
